 Dungeon Crawl Stone Soup version 0.21-a0-633-g4c047d5 (webtiles) character file.

2461 Lanoc the Covered (level 9, -3/84 HPs)
             Began as a Deep Dwarf Fighter on Dec 28, 2017.
             Killed from afar by an electric eel (7 damage)
             ... with a bolt of electricity
             ... on level 6 of the Dungeon.
             The game lasted 00:24:45 (5277 turns).

Lanoc the Covered (Deep Dwarf Fighter)              Turns: 5277, Time: 00:24:45

Health: -3/84      AC:  9    Str: 21    XL:     9   Next: 26%
Magic:  6/6        EV: 11    Int: 10    God:
Gold:   270        SH:  9    Dex: 13    Spells: 8/8 levels left

rFire    x . .     SeeInvis +   d - +2 short sword (vamp)
rCold    + . .     Gourm    .   c - +0 shield
rNeg     . . .     Faith    .   b - +0 scale mail
rPois    .         Spirit   .   E - +0 helmet
rElec    .         Reflect  .   v - scarf {cloud immunity}
rCorr    .         Harm     .   (no gloves)
MR       +....                  (no boots)
Stlth    ..........             (no amulet)
HPRegen  0.00/turn              i - ring of see invisible
MPRegen  0.10/turn              y - ring "Xiuth" {Ice +Blink}

@: non-regenerating
A: damage resistance, heal wounds, sense surroundings 2, no regeneration
a: Heal Wounds, Evoke Blink


You were on level 6 of the Dungeon.
You were not hungry.

You visited 1 branch of the dungeon, and saw 6 of its levels.
You also visited: Ossuary.

You collected 270 gold pieces.

Inventory:

Hand Weapons
 a - a +0 war axe
 d - a +2 vampiric short sword (weapon)
Missiles
 g - 41 bolts
 h - 83 sling bullets
Armour
 b - a +0 scale mail (worn)
 c - a +0 shield (worn)
 n - a +0 helmet
 v - a scarf of cloud immunity (worn)
 E - a +0 helmet (worn)
Magical Staves
 F - an uncursed staff of poison {unknown}
Jewellery
 i - a ring of see invisible (left hand)
 x - an uncursed ring of magical power
 y - the ring "Xiuth" (right hand) {Ice +Blink}
   (You found it in an ossuary)

   [ring of ice]

   It enhances your ice magic.
   It makes you vulnerable to fire.
   It protects you from cold.
   It lets you blink.
Wands
 m - a wand of digging (6)
 o - a wand of paralysis (13)
 C - a wand of iceblast (13)
 H - a wand of enslavement (16)
Scrolls
 e - 2 scrolls of fog {unknown}
 l - a scroll of enchant armour {unknown}
 q - a scroll of immolation {unknown}
 t - 6 scrolls of teleportation
 u - 4 scrolls of remove curse
 A - 3 scrolls of blinking {unknown}
 B - a scroll of magic mapping
Potions
 k - a potion of cancellation
 p - a potion of lignification
 r - 2 potions of might
 w - 3 potions of haste
 z - a potion of mutation {unknown}
 D - 2 potions of agility
 G - a potion of resistance {unknown}
 I - a potion of curing
Books
 j - a book of Misfortune

   Spells                             Type                      Level
   a - Confusing Touch                Hexes                        1
   b - Confuse                        Hexes                        3
   c - Gell's Gravitas                Translocation                3
   d - Petrify                        Transmutation/Earth          4
   e - Metabolic Englaciation         Hexes/Ice                    5
   f - Yara's Violent Unravelling     Hexes/Transmutation          5
Comestibles
 f - 7 rations
 s - 3 chunks of flesh


   Skills:
 + Level 6.3 Fighting
 + Level 7.2 Axes
 + Level 7.6 Armour
 + Level 6.7 Dodging
 - Level 3.2 Shields


You had 8 spell levels left.
You didn't know any spells.

Dungeon Overview and Level Annotations

Branches:
Dungeon (6/15)
 Temple: D:4-7

Altars:
Dithmenos
Okawaru
Trog
Wu Jian


Innate Abilities, Weirdness & Mutations

You are resistant to damage.
You can heal yourself by infusing magical energy.
You passively map the area around you.
You do not regenerate.


Message History

The electric eel shoots out a bolt of lightning at you!
The bolt of electricity hits you!
* * * LOW HITPOINT WARNING * * *
The bolt of electricity misses you.
The electric eel shoots out a bolt of lightning at you!
The bolt of electricity hits you!
* * * LOW HITPOINT WARNING * * *
The electric eel shoots out a bolt of lightning at you!
The bolt of electricity misses you.
Some of the chunks of flesh in your inventory have rotted away.
The electric eel shoots out a bolt of lightning at you!
The bolt of electricity hits you!
* * * LOW HITPOINT WARNING * * *
An electric eel comes into view.
The electric eel shoots out a bolt of lightning at you!
The bolt of electricity hits you!
* * * LOW HITPOINT WARNING * * *
The electric eel shoots out a bolt of lightning at you!
The bolt of electricity hits you!
You die...

≈≈# ≈≈≈..#.
≈#≈≈≈≈#≈≈≈...
.≈≈≈#≈≈≈≈#≈..#
..≈≈≈≈#≈≈≈≈..#
####.≈#≈≈≈≈#≈≈≈.#
.....≈≈≈#≈;≈≈#≈.##
......≈≈≈≈#≈≈≈≈..#
......≈#≈≈≈≈.....#
......≈≈≈....##.@#
..........##.###.#
........###......#
........# #.######
........# #.#
.......##*#[#
.........,#.#
.......## #.#
######## #.#


You could see an electric eel.

Vanquished Creatures
  The ghost of KristoblXynda the Charmwright, a novice SpSk of Nemelex Xobeh (D:5)
  Sigmund (D:5)
  A wyvern (D:6)
  Duvessa (D:4)
  An ice beast (D:5)
  2 phantoms
  2 sky beasts (D:5)
  2 ogres
  A bullfrog (D:6)
  Dowan (D:4)
  A scorpion (D:4)
  2 centaur zombies (Ossuary)
  4 crimson imps
  4 bullfrog zombies (Ossuary)
  2 hounds (D:5)
  2 orc wizards (D:4)
  A bullfrog skeleton (D:4)
  An iguana (D:5)
  2 worker ants
  2 killer bee zombies (Ossuary)
  11 mummies (Ossuary)
  Robin (D:2)
  6 worker ant zombies
  4 adders
  3 gnolls (D:5)
  A shadow imp (D:6)
  2 worms
  A dart slug (D:1)
  3 leopard geckos
  13 orcs
  2 ball pythons (D:2)
  8 bats
  5 giant cockroaches
  11 goblins
  7 hobgoblins
  6 jackals
  6 kobolds
  5 quokkas
  4 frilled lizards
  2 jackal zombies (Ossuary)
  A quokka zombie (Ossuary)
  7 rats
  A withered plant (Ossuary)
144 creatures vanquished.

Vanquished Creatures (others)
  5 withered plants (Ossuary)
5 creatures vanquished.

Grand Total: 149 creatures vanquished

Notes
Turn   | Place    | Note
-------+----------+-------------------------------------------
     0 | D:1      | Lanoc the Deep Dwarf Fighter began the quest for the Orb.
     0 | D:1      | Reached XP level 1. HP: 20/20 MP: 1/1
   397 | D:1      | Reached XP level 2. HP: 27/27 MP: 2/2
   760 | D:2      | Reached skill level 1 in Dodging
   899 | D:2      | Noticed Robin
   904 | D:2      | Killed Robin
   904 | D:2      | Reached XP level 3. HP: 27/34 MP: 3/3
  1510 | D:3      | Reached XP level 4. HP: 15/42 MP: 4/4
  1966 | D:3      | Found a faded altar of an unknown god.
  2301 | D:4      | HP: 1/42 [orc wizard/magic dart (6)]
  2306 | D:4      | Reached XP level 5. HP: 28/49 MP: 5/5
  2528 | D:4      | Noticed Duvessa
  2530 | D:4      | Noticed Dowan
  2547 | D:4      | Killed Duvessa
  2547 | D:4      | Reached XP level 6. HP: 32/57 MP: 6/6
  2549 | D:4      | Killed Dowan
  2588 | D:4      | Reached skill level 5 in Armour
  2674 | D:4      | Reached XP level 7. HP: 44/66 MP: 6/6
  2705 | D:4      | Found a shadowy altar of Dithmenos.
  3135 | D:5      | Entered Level 5 of the Dungeon
  3225 | D:5      | Reached skill level 5 in Axes
  3253 | D:5      | Found a shadowy altar of Dithmenos.
  3287 | D:5      | Found a sand-covered staircase.
  3306 | Ossuary  | Entered an ossuary
  3421 | Ossuary  | Reached skill level 5 in Fighting
  3421 | Ossuary  | Reached XP level 8. HP: 11/74 MP: 6/6
  3456 | Ossuary  | Got a shimmering golden ring
  3461 | Ossuary  | Identified the ring "Xiuth" {Ice +Blink} (You found it in an ossuary)
  3474 | Ossuary  | Reached skill level 5 in Dodging
  4378 | D:5      | Noticed KristoblXynda's ghost (novice SpSk)
  4397 | D:5      | Killed KristoblXynda's ghost
  4397 | D:5      | HP: 2/76 [poisoned by KristoblXynda's ghost]
  4425 | D:5      | Noticed Sigmund
  4451 | D:5      | Killed Sigmund
  4451 | D:5      | Gained mutation: You passively map the area around you. [Deep Dwarf growth]
  4451 | D:5      | Reached XP level 9. HP: 38/82 MP: 6/6
  4977 | D:6      | Found an iron altar of Okawaru.
  4980 | D:6      | Found an ornate altar of the Wu Jian Council.
  4980 | D:6      | Found a bloodstained altar of Trog.
  5274 | D:6      | HP: 4/84 [electric eel/bolt of electricity (8)]
  5277 | D:6      | Killed from afar by an electric eel

Vault maps used:
D:1:      eino_arrival_tree_alley, feat_on_display
D:2:      first_ration, uniq_robin
D:3:      chequers_ecumenical_altar_lobes, st_stairs_9, due_unseen_surprise
D:4:      nicolae_dithmenos_through_a_glass_darkly, serial_co_window_serial,
          co_window_of_opportunity_a, co_window_of_opportunity_a,
          co_window_paths_b, co_window_corner_a, co_window_paths_a,
          co_window_paths_a, co_window_corner_a, co_window_paths_a,
          co_window_corner_a, co_window_broadway_c, co_window_2corner,
          co_window_cross_3, co_window_corner_ca, co_window_of_opportunity_c,
          co_window_4corner_a, glass_columns_a, uniq_duvessa
D:5:      basic_altar, nicolae_ossuary_entry_ruins, kennysheep_generic_room_6,
          uniq_sigmund
D:6:      okawaru_metal_pillars_3, chequers_temple_overflow_statue_of_worship,
          kennysheep_small_spiral, chequers_big_river, nicolae_lava_and_water,
          dk_noncrumbling_2, dk_xom_monty_hall
Ossuary:  ossuary_zaba_flooded

Skill      XL: |  1  2  3  4  5  6  7  8  9 |
---------------+----------------------------+-----
Dodging        | 1 2 3 4 6 |  6.7
Fighting       | 3 4 5 6 |  6.3
Axes           | 3 4 5 6 7 |  7.2
Armour         | 4 5 6 7 |  7.6
Shields        | |  3.2

Action                   |  1- 3 |  4- 6 |  7- 9 || total
-------------------------+-------+-------+-------++-------
Melee: War axe           |   153 |   117 |   247 ||   517
       Short sword       |       |       |   298 ||   298
 Abil: Heal Wounds       |       |     4 |     4 ||     8
       Evoke Blink       |       |       |     1 ||     1
Evoke: Wand              |       |       |     9 ||     9
  Use: Scroll            |       |     6 |     8 ||    14
       Potion            |       |     2 |    10 ||    12
  Eat: Chunk             |     2 |     4 |     5 ||    11
       Ration            |       |       |     3 ||     3
Armor: Scale mail        |    64 |    39 |   152 ||   255
Dodge: Dodged            |    57 |    45 |   180 ||   282
Block: Shield            |    86 |    58 |   231 ||   375

Table legend:
 A = Spawn XP
 B = Non-spawn XP
 C = Spawn XP percentage of total XP
 D = Spawn monster count
 E = Non-spawn monster count
 F = Spawn count percentage of total count
 G = Total turns spent on level
                    A         B        C        D         E        F      G
               +---------+---------+-------+---------+---------+-------+---------
         Total |       0 |    3517 |   0.0 |       0 |     143 |   0.0 |  5277
               +---------+---------+-------+---------+---------+-------+---------
           D:1 |       0 |      14 |   0.0 |       0 |       8 |   0.0 |   752
           D:2 |       0 |      68 |   0.0 |       0 |      32 |   0.0 |   734
           D:3 |       0 |      53 |   0.0 |       0 |      18 |   0.0 |   676
           D:4 |       0 |     713 |   0.0 |       0 |      18 |   0.0 |   973
           D:5 |       0 |    1306 |   0.0 |       0 |      27 |   0.0 |   907
           D:6 |       0 |     638 |   0.0 |       0 |      13 |   0.0 |   737
       Ossuary |       0 |     725 |   0.0 |       0 |      27 |   0.0 |   498
               +---------+---------+-------+---------+---------+-------+---------
